 Dungeon Crawl Stone Soup version 0.25.0-11-g1f837a76a1 (webtiles) character file.

Game seed: 16322829629884672603

58799 Elvor the Severer (level 14, -19/139 HPs)
             Began as a Deep Dwarf Fighter on June 23, 2020.
             Was a Priest of Elyvilon.
             Demolished by an ettin
             ... wielding a +0 dire flail
              (33 damage)
             ... on level 1 of the Orcish Mines on June 24, 2020.
             The game lasted 03:35:28 (17219 turns).

Elvor the Severer (Deep Dwarf Fighter)             Turns: 17219, Time: 03:35:28

Health: -19/139    AC: 24    Str: 23    XL:     14   Next: 50%
Magic:  8/11       EV:  9    Int: 11    God:    Elyvilon [***...]
Gold:   951        SH: 12    Dex: 12    Spells: 13/13 levels left

rFire    x . .     SeeInvis .   m - +4 war axe
rCold    + . .     Gourm    .   c - +0 kite shield
rNeg     + . .     Faith    .   h - +2 plate armour {rPois}
rPois    +         Spirit   .   W - +1 helmet
rElec    .         Reflect  .   I - +2 cloak
rCorr    .         Harm     .   A - +0 pair of gloves
MR       ++...                  (no boots)
Stlth    ..........             N - amulet of magic regeneration
HPRegen  0.00/turn              y - ring of ice
MPRegen  0.37/turn              u - ring of flight

@: protection, non-regenerating, studying Dodging
A: damage resistance, heal wounds, negative energy resistance 1, sense
surroundings 2, no regeneration
a: Heal Wounds, Lesser Healing, Heal Other, Purification, Divine Protection,
Renounce Religion, Evoke Flight


You were on level 1 of the Orcish Mines.
You worshipped Elyvilon.
Elyvilon was most pleased with you.
You were hungry.

You visited 4 branches of the dungeon, and saw 20 of its levels.
You also visited: Ossuary, Bailey and Ice Cave.

You collected 1239 gold pieces.
You spent 288 gold pieces at shops.

Inventory:

Hand Weapons
 m - a +4 war axe (weapon)
 Q - a +2 hand axe of flaming
Missiles
 j - 11 atropa-tipped darts
 o - 14 boomerangs
 s - 14 poisoned darts (quivered)
 z - 5 javelins
Armour
 c - a +0 kite shield (worn)
 d - a +2 hat of magic resistance
 h - a +2 plate armour of poison resistance (worn)
 A - a +0 pair of gloves (worn)
 I - a +2 cloak (worn)
 W - a +1 helmet (worn)
Jewellery
 g - an uncursed ring of fire
 u - a ring of flight (right hand)
 y - a ring of ice (left hand)
 N - an amulet of magic regeneration (around neck)
Wands
 H - a wand of iceblast (12)
 L - a wand of enslavement (8)
 M - a wand of polymorph (6)
 O - a wand of acid (15)
 U - a wand of paralysis (5)
 Z - a wand of flame (8)
Scrolls
 e - 5 scrolls of remove curse
 i - 15 scrolls of teleportation
 l - 8 scrolls of enchant weapon
 n - 2 scrolls of blinking
 r - 6 scrolls of enchant armour
 t - 3 scrolls of magic mapping
 v - 3 scrolls of fear
 x - 4 scrolls of amnesia
 B - a scroll of silence
 F - 4 scrolls of fog
 G - 5 scrolls of immolation
 P - 2 scrolls of random uselessness
 R - a scroll of holy word
Potions
 b - 6 potions of brilliance
 k - 5 potions of lignification
 p - 8 potions of flight
 q - 4 potions of curing
 w - 3 potions of invisibility
 C - a potion of cancellation
 E - a potion of degeneration {unknown}
 J - a potion of resistance {unknown}
Books
 D - a manual of Dodging
Comestibles
 f - 24 rations
 Y - 15 chunks of flesh


   Skills:
 * Level 12.5 Fighting
 + Level 15.2 Axes
 + Level 3.4 Throwing
 + Level 11.0 Armour
 * Level 5.2 Dodging
 + Level 0.2 Stealth
 + Level 11.3 Shields
 + Level 9.7 Invocations
 + Level 0.7 Evocations


You had 13 spell levels left.
You didn't know any spells.
Your spell library contained the following spells:

 Spells                   Type           Power        Failure   Level  Hunger
 Animate Skeleton         Necr           N/A          100%        1    ##.....
 Freeze                   Ice            #...         100%        1    ##.....
 Pain                     Necr           #...         100%        1    ##.....
 Shock                    Conj/Air       #...         100%        1    ##.....
 Swiftness                Chrm/Air       #.......     100%        2    ###....
 Frozen Ramparts          Ice            #.....       100%        3    ####...
 Ozocubu's Armour         Chrm/Ice       #.......     100%        3    ####...
 Static Discharge         Conj/Air       #.......     100%        3    ####...
 Vampiric Draining        Necr           #.........   100%        3    ####...
 Airstrike                Air            #.........   100%        4    #####..
 Animate Dead             Necr           N/A          100%        4    #####..
 Hailstorm                Conj/Ice       #.......     100%        4    #####..
 Summon Ice Beast         Ice/Summ       #.......     100%        4    #####..
 Agony                    Necr           #.......     100%        5    ######.
 Lightning Bolt           Conj/Air       #.........   100%        5    ######.


Dungeon Overview and Level Annotations

Branches:
Dungeon (12/15)            Temple (1/1) D:4            Lair (6/6) D:10
  Swamp (0/4) Lair:3        Snake (0/4) Lair:3        Slime (0/5) Lair:6
    Orc (1/2) D:9         Ossuary (visited)          Bailey (visited)
  IceCv (visited)

Altars:
Ashenzari
Cheibriados
Dithmenos
Elyvilon
Fedhas
Gozag
Hepliaklqana
Kikubaaqudgha
Makhleb
Nemelex Xobeh
Okawaru
Qazlal
Ru
Sif Muna
Trog
Vehumet
Wu Jian
Xom
Yredelemnul
Zin
The Shining One

Shops:
D:8 :   Orc:1 ?


Innate Abilities, Weirdness & Mutations

You are resistant to damage.
You can heal yourself by infusing magical energy.
You resist negative energy. (rN+)
You passively map the area around you.
You do not regenerate.


Message History

* * * LOW HITPOINT WARNING * * *
You are healed.
You are feeling very hungry.
The ettin hits you with a +0 dire flail!!
* * * LOW HITPOINT WARNING * * *
You block the ettin's attack.
You are healed.
You feel somewhat more hungry. The ettin barely misses you.
The ettin closely misses you.
You are healed.
You feel somewhat more hungry. You block the ettin's attack. x2
You are healed.
You are near starving!
Eat one of 16 chunks of flesh? (ye/n/q)
You eat one of the 16 chunks of flesh.
This raw flesh tastes terrible.
You are feeling hungry.
The ettin closely misses you. The ettin hits you but does no damage.
You are healed.
You feel somewhat more hungry.
The ettin hits you with a +0 dire flail!!
* * * LOW HITPOINT WARNING * * *
The ettin hits you with a +0 dire flail!!
You die...

##.#.#......#.#....#....,
##.......#∩..............
#..............#.#.......
##.#..#....[...##........
,,
###...#.......##.......#
*
,#.#.##.......).........
*
,#....###......[#)......#
* #.....
###.....<>......# ,
.....## #.....÷@).......
, .#...$.
#.......C........, , , ,
#................ ,
#......>......... * ,, ,
#...##...........# * * ,
....,#..........## * ,,
... ,.............* ,
.............. * ,
..............


You could see an ettin.

Vanquished Creatures
  Gastronok (Lair:1)
  Nessos (D:12)
  4 dire elephants (Lair:6)
  Josephine (D:12)
  Harold (D:7)
  4 hydras
  A catoblepas (Lair:5)
  An anaconda (Lair:6)
  3 two-headed ogres
  Nergalle (D:10)
  4 skeletal warriors (D:12)
  An orc knight (Bailey)
  3 manticores
  3 ugly things
  13 elephants
  3 ice statues (IceCv)
  Maurice (D:12)
  Psyche (D:10)
  Maggie (Lair:1)
  2 torpor snails
  11 spiny frogs
  A rime drake (Lair:6)
  8 komodo dragons
  5 trolls
  2 hornets
  A polar bear (Lair:6)
  A queen bee (Lair:2)
  Grinder (D:6)
  Prince Ribbit (D:6)
  2 slime creatures (Lair:6)
  2 bog bodies (Lair:3)
  9 hippogriffs
  9 blink frogs
  7 dream sheep (Lair:5)
  Sigmund (D:4)
  3 wraiths (D:12)
  4 wyverns
  20 yaks
  Eustachio (D:4)
  6 basilisks
  A hungry ghost (D:8)
  2 steam dragons
  3 swamp worms (Lair:3)
  7 nagas (Lair:3)
  A warg (Orc:1)
  2 soldier ants
  Edmund (D:6)
  9 water moccasins
  Duvessa (D:7)
  10 porcupines
  14 orc warriors
  A phantom (D:5)
  7 ice beasts
  6 sky beasts
  7 ogres
  20 wolves
  6 centaurs
  8 crocodiles
  2 big kobolds
  A wyvern zombie (D:12)
  18 bullfrogs
  2 gnoll sergeants
  Dowan (D:7)
  4 scorpions
  30 killer bees
  12 wights
  A howler monkey (D:8)
  2 electric eels
  4 bullfrog zombies
  5 crimson imps
  A quasit (D:5)
  3 hounds
  2 jellies
  13 orc wizards
  5 orc priests
  3 iguanas
  2 centaur skeletons
  Natasha (thrice) (D:4)
  10 worker ants
  A killer bee zombie (D:8)
  3 mummies (Ossuary)
  9 adders
  9 gnolls
  A shadow imp (D:8)
  12 white imps (Lair:4)
  2 oozes (D:2)
  4 adder zombies (Ossuary)
  4 worms
  2 dart slugs
  6 leopard geckos
  51 orcs
  8 bats
  14 giant cockroaches
  12 goblins
  7 hobgoblins
  12 jackals
  8 kobolds
  3 quokkas
  A ball python zombie (D:5)
  7 frilled lizards
  A giant cockroach zombie (D:5)
  3 goblin zombies (Ossuary)
  5 kobold zombies (Ossuary)
  6 quokka zombies (Ossuary)
  12 rats
  6 fungi
  4 plants (Lair:6)
588 creatures vanquished.

Vanquished Creatures (others)
  An orc priest (D:3)
  An orc wizard (D:11)
  An orc (D:11)
  4 fungi
  6 plants
  A withered plant (D:6)
14 creatures vanquished.

Grand Total: 602 creatures vanquished

Notes
Turn   | Place    | Note
-------+----------+-------------------------------------------
     0 | D:1      | Elvor the Deep Dwarf Fighter began the quest for the Orb.
     0 | D:1      | Reached XP level 1. HP: 20/20 MP: 1/1
   292 | D:1      | Reached XP level 2. HP: 22/27 MP: 2/2
   720 | D:2      | Reached skill level 3 in Axes
   720 | D:2      | Reached XP level 3. HP: 21/33 MP: 3/3
   865 | D:2      | Reached XP level 4. HP: 26/42 MP: 4/4
   921 | D:2      | Reached skill level 1 in Dodging
  1034 | D:2      | Found a bloodstained altar of Trog.
  1417 | D:3      | You fall into a shaft and drop 2 floors!
  1417 | D:5      | Entered Level 5 of the Dungeon
  1438 | D:5      | Noticed a sky beast
  1473 | D:5      | Killed a sky beast
  1473 | D:5      | Reached skill level 4 in Axes
  1473 | D:5      | Reached XP level 5. HP: 20/49 MP: 4/4
  1531 | D:5      | Noticed an ice beast
  1544 | D:5      | HP: 2/49 [ice beast (20)]
  1554 | D:5      | Killed an ice beast
  1554 | D:5      | Reached XP level 6. HP: 48/57 MP: 3/3
  1617 | D:5      | Found a sand-covered staircase.
  1626 | Ossuary  | Entered an ossuary
  1807 | D:5      | Reached skill level 5 in Axes
  1951 | D:5      | Found a blossoming altar of Fedhas.
  2050 | D:5      | Reached XP level 7. HP: 39/64 MP: 3/3
  2255 | D:3      | Reached skill level 5 in Shields
  2261 | D:3      | Found a radiant altar of Vehumet.
  2289 | D:3      | Reached skill level 6 in Axes
  2488 | D:3      | Found a shimmering blue altar of Sif Muna.
  2625 | D:3      | Found a glowing silver altar of Zin.
  2802 | D:4      | Reached skill level 5 in Armour
  2861 | D:4      | Noticed Natasha
  2867 | D:4      | Killed Natasha
  2881 | D:4      | Found a white marble altar of Elyvilon.
  2886 | D:4      | Noticed Eustachio
  2888 | D:4      | Became a worshipper of Elyvilon the Healer
  2910 | D:4      | Killed Eustachio
  2910 | D:4      | Reached XP level 8. HP: 40/73 MP: 3/3
  3114 | D:4      | Reached skill level 7 in Axes
  3122 | D:4      | Noticed Sigmund
  3137 | D:4      | Reached skill level 5 in Fighting
  3355 | D:4      | Found a staircase to the Ecumenical Temple.
  3394 | Temple   | Entered the Ecumenical Temple
  3521 | D:4      | Noticed Natasha
  3526 | D:4      | Killed Natasha
  3610 | D:4      | Noticed Natasha
  3616 | D:4      | Killed Natasha
  3680 | D:4      | Killed Sigmund
  3680 | D:4      | Reached skill level 1 in Throwing
  3778 | D:4      | Reached * piety under Elyvilon
  3811 | D:6      | Noticed Grinder
  3811 | D:6      | Noticed Prince Ribbit
  3836 | D:6      | Killed Grinder
  3900 | D:6      | Killed Prince Ribbit
  3900 | D:6      | Gained mutation: You passively map the area around you.
                  | [Deep Dwarf growth]
  3900 | D:6      | Reached XP level 9. HP: 38/82 MP: 4/4
  3908 | D:6      | Found an ancient bone altar of Kikubaaqudgha.
  3952 | D:6      | Reached skill level 8 in Axes
  4388 | D:6      | Reached skill level 1 in Invocations
  4472 | D:6      | Noticed Edmund
  4494 | D:6      | Killed Edmund
  4697 | D:6      | Reached ** piety under Elyvilon
  4968 | D:7      | Got a fine battleaxe
  5119 | D:7      | Found a flagged portal.
  5135 | Bailey   | Entered a bailey
  5147 | Bailey   | Noticed an orc knight
  5163 | Bailey   | Killed an orc knight
  5163 | Bailey   | Reached skill level 9 in Axes
  5235 | D:7      | Noticed Dowan
  5306 | D:7      | Noticed Duvessa
  5320 | D:7      | Killed Duvessa
  5320 | D:7      | Reached XP level 10. HP: 75/92 MP: 5/8
  5329 | D:7      | Killed Dowan
  5333 | D:7      | Noticed Harold
  5351 | D:7      | Killed Harold
  5457 | D:7      | Reached skill level 10 in Axes
  5560 | D:7      | Identified the +3 battleaxe "Zong" {elec, rPois} (You found
                  | it on level 7 of the Dungeon)
  5995 | D:8      | Reached skill level 5 in Invocations
  6031 | D:8      | Noticed a two-headed ogre
  6052 | D:8      | Killed a two-headed ogre
  6405 | D:8      | Found Tafuethurgh's Book Emporium.
  6609 | D:8      | Noticed a two-headed ogre
  6625 | D:8      | Killed a two-headed ogre
  6799 | D:8      | Found a snail-covered altar of Cheibriados.
  6996 | D:8      | Reached XP level 11. HP: 32/103 MP: 10/10
  7134 | D:9      | Noticed a cyan ugly thing
  7164 | D:9      | Elyvilon protects you from harm!
  7168 | D:9      | Elyvilon protects you from harm!
  7225 | D:9      | Killed a cyan ugly thing
  7308 | D:9      | Reached skill level 11 in Axes
  7324 | D:9      | Got a shimmering chain mail
  7335 | D:9      | Identified the cursed +1 chain mail "Ecykh" {Regen+ Str+3
                  | Dex-3 Stlth+} (You found it on level 9 of the Dungeon)
  7609 | D:9      | Found a staircase to the Orcish Mines.
  7867 | D:10     | Entered Level 10 of the Dungeon
  7883 | D:10     | Found a staircase to the Lair.
  7922 | D:10     | Reached *** piety under Elyvilon
  8180 | D:10     | Noticed Psyche
  8208 | D:10     | Killed Psyche
  8263 | D:10     | Noticed Nergalle
  8293 | D:10     | Killed Nergalle
  8871 | D:11     | Paralysed by a hornet for 1 turns
  8982 | D:11     | Noticed a two-headed ogre
  8992 | D:11     | Killed a two-headed ogre
  8992 | D:11     | Reached skill level 12 in Axes
  9563 | D:11     | Reached **** piety under Elyvilon
  9726 | D:12     | Reached XP level 12. HP: 86/114 MP: 11/11
  9775 | D:12     | Noticed Nessos
  9850 | D:12     | Killed Nessos
 10163 | D:12     | Noticed Josephine
 10191 | D:12     | Killed Josephine
 10191 | D:12     | Reached skill level 13 in Axes
 10203 | D:12     | Reached skill level 10 in Fighting
 10225 | D:12     | Paralysed by a hornet for 2 turns
 10452 | D:12     | Noticed Maurice
 10482 | D:12     | Killed Maurice
 10695 | Lair:1   | Entered Level 1 of the Lair of Beasts
 10763 | Lair:1   | Got a twisted rapier
 11019 | Lair:1   | Identified the +5 rapier of the Rat {vorpal, rF+} (You
                  | found it on level 1 of the Lair of Beasts)
 11245 | Lair:1   | Noticed Maggie
 11262 | Lair:1   | Killed Maggie
 11283 | Lair:1   | Noticed Gastronok
 11383 | Lair:1   | Killed Gastronok
 11667 | Lair:2   | Noticed a six-headed hydra
 11684 | Lair:2   | Killed a one-headed hydra
 11684 | Lair:2   | Reached XP level 13. HP: 119/124 MP: 10/10
 12043 | Lair:2   | Reached skill level 10 in Armour
 12102 | Lair:2   | Reached skill level 10 in Shields
 12309 | Lair:2   | Reached skill level 14 in Axes
 12692 | Lair:2   | Reached ***** piety under Elyvilon
 13219 | Lair:3   | Found a staircase to the Snake Pit.
 13379 | Lair:3   | Found a staircase to the Swamp.
 13755 | Lair:4   | Reached skill level 5 in Dodging
 13826 | Lair:4   | Found a frozen archway.
 13852 | IceCv    | Entered an ice cave
 14182 | IceCv    | Upgraded the game from 0.25.0-10-g039870ee82 to
                  | 0.25.0-11-g1f837a76a1
 14251 | Lair:4   | Found the +7 sceptre of Torment {pain, torment}
 15191 | Lair:5   | You fall into a shaft and drop 1 floor!
 15191 | Lair:6   | Entered Level 6 of the Lair of Beasts
 15256 | Lair:5   | Gained mutation: You resist negative energy. (rN+) [Deep
                  | Dwarf growth]
 15256 | Lair:5   | Reached XP level 14. HP: 115/136 MP: 11/11
 16039 | Lair:5   | Reached skill level 15 in Axes
 16283 | Lair:6   | Found a staircase to the Slime Pits.
 16339 | Lair:6   | Reached ****** piety under Elyvilon
 17020 | Orc:1    | Entered Level 1 of the Orcish Mines
 17020 | Orc:1    | Found Zepeoran's Magic Scroll Boutique.
 17055 | Orc:1    | Bought a scroll of identify for 24 gold pieces
 17055 | Orc:1    | Bought a scroll of identify for 24 gold pieces
 17055 | Orc:1    | Bought a scroll of enchant weapon for 90 gold pieces
 17055 | Orc:1    | Bought a scroll of enchant armour for 90 gold pieces
 17055 | Orc:1    | Bought a scroll of identify for 24 gold pieces
 17174 | Orc:1    | Bought a scroll of teleportation for 36 gold pieces
 17209 | Orc:1    | HP: 1/139 [ettin/+0 dire flail (29)]
 17210 | Orc:1    | Elyvilon protects you from harm!
 17219 | Orc:1    | Demolished by an ettin

Illustrated notes

Levels and vault maps discovered:
D:1:      mrwooster_arrival_statue_2, layout_basic
D:2:      minmay_roachtagon, layout_basic, old_standard_altar, first_ration
D:3:      layout_rooms, marbit_many_paths, lemuel_blue_sif_altar,
          fiery_altar_vehumet, zin_treasury
D:4:      wander_river, layout_loops_ring, elyvilon_altar_1,
          minmay_temple_entry_grid, uniq_eustachio, uniq_sigmund, uniq_natasha
D:5:      layout_cave_pools, fedhas_altar_fruit_tree,
          nicolae_ossuary_entry_monument
D:6:      layout_basic, kiku_gazebo_garden_becter, st_stairs_6, uniq_grinder,
          uniq_prince_ribbit1, uniq_edmund
D:7:      layout_cave_pools, enter_bailey_3, uniq_duvessa, uniq_harold
D:8:      minmay_recursive_quarters, layout_loops_corners, lemuel_doored_altar,
          serial_shops, shop
D:9:      layout_irregular_city, orc_0_dummy
D:10:     layout_loops_ring, david_lair_generic, uniq_psyche, uniq_nergalle
D:11:     layout_long_grid, hangedman_pestilent_swarm
D:12:     layout_small_grid, gauntlet_entry_generic, serial_park_tiny_pond,
          uniq_nessos, uniq_josephine, uniq_maurice
Temple:   cyrus_circular_temple
Lair:1:   layout_gridlike, infiniplex_staircase_pool, grunt_megastairs_1,
          uniq_maggie, uniq_gastronok
Lair:2:   layout_layer_cave, special_room [special_room_bee],
          grunt_megastairs_4, lemuel_fruit_fields
Lair:3:   layout_roguey, nicolae_swamp_entry_splash_gauntlet,
          minmay_snake_entry_guardpost_large
Lair:4:   layout_cellular_growth, portal_ice_cave_entry_imps
Lair:5:   layout_long_grid, kennysheep_catoblepas_arena
Lair:6:   due_jungle_book, layout_regular_city, minmay_slime_entry_pillars
Orc:1:    layout_caves, serial_shops, shop

Skill      XL: |  1  2  3  4  5  6  7  8  9 10 11 12 13 14 |
---------------+-------------------------------------------+-----
Axes           | 3 4 5 6 7 9 10 12 13 14 15 | 15.2
Fighting       | 3 4 5 6 7 9 10 11 12 | 12.5
Dodging        | 1 2 3 4 5 |  5.2
Armour         | 4 5 6 7 8 9 10 11 | 11.0
Shields        | 4 5 6 7 8 9 10 11 | 11.3
Throwing       | 2 3 |  3.4
Invocations    | 4 6 7 8 9 |  9.7
Stealth        | |  0.2
Evocations     | |  0.7

Action                   |  1- 3 |  4- 6 |  7- 9 | 10-12 | 13-15 || total
-------------------------+-------+-------+-------+-------+-------++-------
Melee: War axe           |   128 |   212 |   428 |  1040 |   728 ||  2536
       Hand axe          |       |       |       |     7 |   336 ||   343
Throw: Boomerang         |     1 |       |     2 |     8 |       ||    11
       Dart              |       |       |    37 |    29 |       ||    66
       Throwing net      |       |       |       |     2 |       ||     2
Invok: Lesser Healing    |       |       |    30 |   167 |   146 ||   343
       Divine Protection |       |       |       |     1 |     1 ||     2
       Greater Healing   |       |       |       |     1 |     6 ||     7
 Abil: Heal Wounds       |       |     8 |    11 |    11 |     1 ||    31
Evoke: Wand              |       |       |     3 |       |       ||     3
  Use: Scroll            |       |     8 |     3 |     8 |    11 ||    30
       Potion            |       |       |     2 |     8 |     4 ||    14
  Eat: Chunk             |       |     3 |     7 |    30 |    32 ||    72
       Ration            |       |     1 |     2 |     8 |     3 ||    14
Armor: Scale mail        |    62 |   116 |   118 |       |       ||   296
       Chain mail        |       |       |    75 |   226 |       ||   301
       Skin              |       |       |     1 |       |       ||     1
       Plate armour      |       |       |       |   303 |   476 ||   779
Dodge: Dodged            |    51 |    77 |   153 |   253 |   258 ||   792
Block: Kite shield       |    58 |   127 |   222 |   536 |   577 ||  1520
